 Dungeon Crawl Stone Soup version 0.31-a0-37-g98a128e1d9 (webtiles) character file.

Game seed: 12538121819333194849

93 BlueFish the Charlatan (level 4, 0/37 HPs)
             Began as a Draconian Artificer on May 15, 2023.
             Killed by nerve-wracking pain
             ... invoked by Jessica
              (2 damage)
             ... on level 3 of the Dungeon.
             The game lasted 00:03:19 (2080 turns).

BlueFish the Charlatan (Draconian Artificer)        Turns: 2080, Time: 00:03:19

Health: 0/37       AC:  5    Str: 15    XL:     4   Next: 36%
Magic:  4/4        EV: 17    Int: 13    God:
Gold:   208        SH:  0    Dex: 11    Spells: 3/3 levels left

rFire   + . .        o - +0 long sword
rCold   . . .        (no shield)
rNeg    . . .        (body armour unavailable)
rPois   .            (helmet restricted)
rElec   .            (no cloak)
rCorr   .            (no gloves)
SInv    .            (no boots)
Will    .....        (no amulet)
Stlth   ++           p - +5 ring of evasion
HPRegen 0.26/turn    q - ring of protection from fire
MPRegen 0.09/turn

%: no passive effects
@: no status effects
A: AC +5, unfitting armour, cold-blooded
a: no special abilities


You were on level 3 of the Dungeon.
You visited 1 branch of the dungeon, and saw 3 of its levels.

You collected 208 gold pieces.

Inventory:

Hand Weapons
 a - a +0 club
 h - a +0 dagger
 n - a +0 hand axe
 o - a +0 long sword (weapon)
Jewellery
 p - a +5 ring of evasion (left hand)
 q - a ring of protection from fire (right hand)
Wands
 b - a wand of flame (15) (quivered)
 c - a wand of charming (15)
 d - a wand of iceblast (5)
Scrolls
 f - 2 scrolls of teleportation {unknown}
 i - 2 scrolls of identify {unknown}
 l - a scroll of fear {unknown}
 m - a scroll of blinking {unknown}
Potions
 e - 4 potions of heal wounds {unknown}
 g - a potion of brilliance {unknown}
 j - a potion of attraction {unknown}
 k - a potion of flight {unknown}


   Skills:
 + Level 2.4 Fighting
 + Level 2.8 Dodging
 + Level 2.2 Stealth
 + Level 3.6 Evocations


You had 3 spell levels left.
You didn't know any spells.
Your spell library contained the following spells:

 Spells                   Type           Power      Damage    Failure   Level
 Beastly Appendage        Tmut           0%         N/A       30%         1
 Blink                    Tloc           0%         N/A       43%         2
 Lesser Beckoning         Tloc           0%         N/A       43%         2
 Wereblood                Tmut           0%         N/A       43%         2
 Gell's Gravitas          Tloc           0%         N/A       67%         3
 Spider Form              Tmut/Pois      0%         N/A       67%         3
 Teleport Other           Tloc           0%         N/A       67%         3
 Manifold Assault         Tloc           0%         N/A       97%         4
 Storm Form               Tmut/Air       0%         N/A       100%        7


Dungeon Overview and Level Annotations

Branches:
Dungeon (3/15)

Altars:
Makhleb
Qazlal
Sif Muna

Annotations:
D:3 Jessica


Innate Abilities, Weirdness & Mutations

Your plain brown scales are hard. (AC +5)
You cannot fit into any form of body armour.
You are cold-blooded and may be slowed by cold attacks.


Message History

You are too injured to fight recklessly!
You are too injured to fight recklessly!
You are too injured to fight recklessly!
You are too injured to fight recklessly!
You are too injured to fight recklessly!
You are too injured to fight recklessly!
You are too injured to fight recklessly!
Jessica gestures at you while chanting. Pain shoots through your body!
The gnoll misses you. The gnoll hits you with a +3 mace.
You slash the gnoll!
The gnoll is heavily wounded.
Jessica points at you and mumbles some strange words.
Pain shoots through your body! The gnoll barely misses you.
You hit the gnoll.
The gnoll is almost dead.
The gnoll barely misses you. Jessica barely misses you.
The gnoll hits you with a +3 mace!
* * * LOW HITPOINT WARNING * * *
Okay, then.
You hit the gnoll but do no damage.
The gnoll is almost dead.
Jessica hits you with a +0 dagger.
* * * LOW HITPOINT WARNING * * *
Jessica completely misses you. The gnoll closely misses you.
Jessica closely misses you.
You completely miss the gnoll.
The gnoll is almost dead.
Jessica barely misses you. The gnoll misses you. Jessica completely misses you.
You hit the gnoll but do no damage.
The gnoll is almost dead.
The gnoll hits you with a +3 mace!
* * * LOW HITPOINT WARNING * * *
Jessica barely misses you. The gnoll barely misses you.
Jessica closely misses you.
You closely miss the gnoll.
The gnoll is almost dead.
Jessica points at you and mumbles some strange words.
Pain shoots through your body!
You die...

## #####
#.. #._.#
..###@:.#
#∩#g@.##
##...##
##...##
##...##
##...##
#####...##
#.......#
#.#######


You could see a gnoll and Jessica (fast).

Vanquished Creatures
  4 adders
  A worm (D:3)
  3 dart slugs
  2 orcs (D:3)
  3 endoplasms (D:1)
  A giant cockroach (D:2)
  2 goblins (D:3)
  3 hobgoblins
  A quokka (D:3)
  9 ball pythons
  8 bats
  3 frilled lizards
  4 kobolds
  7 rats
51 creatures vanquished.

Notes
Turn   | Place    | Note
-------+----------+-------------------------------------------
     0 | D:1      | BlueFish the Draconian Artificer began the quest for the
                  | Orb.
     0 | D:1      | Reached XP level 1. HP: 16/16 MP: 1/1
    97 | D:1      | Reached skill level 1 in Stealth
   168 | D:1      | Reached XP level 2. HP: 16/23 MP: 2/2
   652 | D:2      | Reached XP level 3. HP: 7/29 MP: 3/3
  1467 | D:2      | Found a faded altar of an unknown god.
  1785 | D:3      | Reached XP level 4. HP: 36/36 MP: 4/4
  1955 | D:3      | Found a stormy altar of Qazlal.
  1957 | D:3      | Found a burning altar of Makhleb.
  2065 | D:3      | Noticed Jessica
  2066 | D:3      | Found a shimmering blue altar of Sif Muna.
  2080 | D:3      | Killed from afar by Jessica

Illustrated notes

Levels and vault maps discovered:
D:1:      heliophobic_arrival_glass_houses, layout_rooms, minmay_misc_feat_alley
D:2:      layout_basic, ebering_ecumenical_altar_ruins
D:3:      minmay_chambers_of_threes, layout_loops_ring,
          nzn_overflow_gifts_of_might_and_magic, jmf_multi_god_temple

Skill      XL: |  1  2  3 |
---------------+----------+-----
Stealth        | 1 2 |  2.2
Fighting       | 2 |  2.4
Dodging        | |  2.8
Evocations     | |  3.6

Action                     |  1- 3 |  4- 6 || total
---------------------------+-------+-------++-------
  Melee: Club              |   115 |       ||   115
         Tailslap          |    17 |     6 ||    23
         Dagger            |    41 |       ||    41
         Hand axe          |     5 |     6 ||    11
         Punch             |     2 |       ||     2
         Long sword        |       |    36 ||    36
   Stab: Sleeping          |     3 |       ||     3
         Distracted        |     1 |       ||     1
 Armour: Skin              |    67 |     9 ||    76
  Dodge: Dodged            |   122 |    47 ||   169

Table legend: (Time is in decaauts)
 A = Elapsed time spent in this place.
 B = Non-inter-level travel time spent in this place.
 C = Inter-level travel time spent in this place.
 D = Time resting spent in this place.
 E = Time spent auto-exploring this place.
 F = Levels seen in this place.
 G = Mean time per level.
                   A        B        C        D        E       F      G
               +--------+--------+--------+--------+--------+-----+--------+
         Total |   2131 |   2092 |     39 |      0 |   1583 |   3 |  710.3 |
       Dungeon |   2131 |   2092 |     39 |      0 |   1583 |   3 |  710.3 |
               +--------+--------+--------+--------+--------+-----+--------+

Top non-repeatable levels by time:
     D:2: 885 daAuts
     D:1: 646 daAuts
     D:3: 600 daAuts
